AoeStats
← Barón de la Cerveza

Arabia

510200189Analyzed
1v1 RM · 3d ago on Sep 29, 2026· 38m 46s· 2 players
Game mode
Random Map
Map size
Tiny (2 player)
Population
200
Speed
Normal
Resources
Standard
Victory
Conquest
Starting age
Dark Age
Ending age
Imperial Age
RankedLock teamsTeams togetherTeam positionsShared explorationLock speedFull tech treeHidden civsTurbo modeCheats
Victory
Defeat
🇨🇴 Mongols · Colombia
1778
+19
🇲🇽 Varangians · Mexico
1849
-19
ELEG | IronLeg
5:47 Loom
8:02 Feudal Age
9:04 Double-Bit Axe
20:28 Castle Age
19:05 Bloodlines
19:20 Fletching
19:40 Gold Mining
21:28 Wheelbarrow
20:36 Horse Collar
21:08 Bodkin Arrow
21:40 Husbandry
22:36 Ballistics
23:38 Bow Saw
26:16 Padded Archer Armor
27:51 Thumb Ring
30:26 Hand Cart
34:03 Scale Barding Armor
34:08 Forging
38:24 Imperial Age
40:14 Chemistry
Barón de la Cerveza
6:03 Loom
8:53 Feudal Age
9:47 Double-Bit Axe
17:02 Bloodlines
21:15 Castle Age
20:32 Forging
20:28 Scale Barding Armor
20:29 Horse Collar
21:21 Light Cavalry
22:37 Chain Barding Armor
26:31 Fletching
28:20 Bodkin Arrow
29:53 Husbandry
34:15 Wheelbarrow
33:46 Padded Archer Armor
35:45 Bow Saw
37:36 Elite Skirmisher
Connection lost

Rejoining the realm…

Still unreachable

The connection could not be restored.

Session expired

The server has moved on; the page needs a fresh start.